 Dungeon Crawl Stone Soup version 0.28-a0-983-g1de4e0787c (webtiles) character file.

Game seed: 1046690638713776861

547 a11behringer the Chopper (level 7, 0/62 HPs)
             Began as a Hill Orc Cinder Acolyte on Dec 2, 2021.
             Was an Elder of Ignis.
             Slain by a killer bee (7 damage)
             ... on level 4 of the Dungeon.
             The game lasted 00:12:08 (4006 turns).

a11behringer the Chopper (Hill Orc Cinder Acolyte)  Turns: 4006, Time: 00:12:09

Health: 0/62       AC: 12    Str: 17    XL:     7   Next: 28%
Magic:  9/9        EV:  6    Int: 16    God:    Ignis [****..]
Gold:   132        SH:  0    Dex:  6    Spells: 7/9 levels left

rFire   + . .      SeeInvis .   a - -1 hand axe (flame)
rCold   . . .      Faith    .   (no shield)
rNeg    . . .      Spirit   .   h - +1 plate armour
rPois   .          Reflect  .   (no helmet)
rElec   .          Harm     .   (no cloak)
rCorr   +          Rampage  .   (no gloves)
Will    .....      Clarity  +   (no boots)
Stlth   ..........              (no amulet)
HPRegen 0.20/turn               c - ring of resist corrosion
MPRegen 0.11/turn               (no ring)

@: lethally poisoned (0 -> -9)
A: clarity, sturdy frame 1
a: Renounce Religion, Fiery Armour, Foxfire Swarm, Rising Flame


You were on level 4 of the Dungeon.
You worshipped Ignis.
Ignis was greatly pleased with you.
You visited 1 branch of the dungeon, and saw 4 of its levels.

You collected 132 gold pieces.

Inventory:

Hand Weapons
 a - a -1 hand axe of flaming (weapon)
 j - a +6 vorpal flail
Armour
 b - a +0 robe
 h - a +1 plate armour (worn)
Magical Staves
 f - a staff of death
Jewellery
 c - a ring of resist corrosion (left hand)
Scrolls
 d - a scroll of enchant armour
 e - 2 scrolls of identify
Potions
 g - a potion of heal wounds
 i - a potion of magic


   Skills:
 + Level 5.7 Fighting
 * Level 7.0 Axes
 + Level 2.4 Armour
 + Level 0.1 Dodging
 - Level 0.4 Stealth
 + Level 1.8 Spellcasting
 + Level 4.8 Fire Magic


You had 7 spell levels left.
You knew the following spells:

 Your Spells              Type           Power      Damage    Failure   Level
a - Scorch                Fire           34%        2d6       67%         2

Your spell library contained the following spells:

 Spells                   Type           Power      Damage    Failure   Level


Dungeon Overview and Level Annotations

Branches:
Dungeon (4/15)
 Temple: D:4-7

Altars:
Ru


Innate Abilities, Weirdness & Mutations

You possess an exceptional clarity of mind.
Your movements are slightly less encumbered by armour. (ER -2)


Message History

The foxfire hits the killer bee.
The killer bee is heavily wounded.
The foxfire hits the killer bee but does no damage.
The killer bee is heavily wounded.
The foxfire hits the killer bee.
The killer bee is severely wounded.
The foxfire hits the killer bee.
The killer bee is heavily wounded.
The foxfire hits the killer bee.
The killer bee is severely wounded.
The foxfire hits the killer bee.
The killer bee is almost dead.
The foxfire hits the killer bee but does no damage.
The killer bee is severely wounded.
The foxfire hits the killer bee.
The killer bee is severely wounded.
The foxfire hits the killer bee.
You kill the killer bee!
The foxfire hits the killer bee.
The killer bee is severely wounded.
The foxfire hits the killer bee.
The killer bee is almost dead.
The killer bee stings you but does no damage.
The killer bee stings you.
* * * LOW HITPOINT WARNING * * *
The killer bee stings you but does no damage.
The foxfire hits the killer bee but does no damage.
The killer bee is almost dead.
The killer bee stings you but does no damage.
The killer bee closely misses you.
The killer bee stings you but does no damage.
Unknown command.
* * * LOW HITPOINT WARNING * * *
You feel very sick.
The foxfire hits the killer bee but does no damage.
The killer bee is almost dead.
The foxfire hits the killer bee.
The killer bee is almost dead.
The killer bee completely misses you. The killer bee stings you!
You die...

.............##...........
.............##...........
.............##...........
..[..........##.#######...
##....[......##.# #...
..[.[...<....##.# #...
.........y...##.#######...
.........yy..##...........
.....§.y@§§.#####........
.....§§§§§.# #........
.########### #........ #.#
#........ #.# #........
#.# #........ #.#
#........ #.# #.)......
#.# #........


You could see 4 killer bees.

Vanquished Creatures
  Sigmund (D:4)
  Edmund (D:4)
  A killer bee (D:4)
  An orc priest (D:4)
  An iguana (D:4)
  An orc wizard (D:4)
  4 gnolls (D:3)
  3 adders
  A worm (D:2)
  5 dart slugs
  3 orcs (D:4)
  4 ball pythons
  A bat (D:1)
  8 endoplasms
  A giant cockroach (D:1)
  10 goblins
  5 hobgoblins
  6 jackals (D:1)
  3 quokkas
  2 frilled lizards
  6 kobolds
  2 rats
70 creatures vanquished.

Vanquished Creatures (others)
  41 foxfires (D:4)
  2 plants (D:4)
43 creatures vanquished.

Grand Total: 113 creatures vanquished

Notes
Turn   | Place    | Note
-------+----------+-------------------------------------------
     0 | D:1      | a11behringer the Hill Orc Cinder Acolyte began the quest
                  | for the Orb.
     0 | D:1      | Reached XP level 1. HP: 19/19 MP: 2/2
   420 | D:1      | Reached XP level 2. HP: 27/27 MP: 3/3
   669 | D:1      | Learned a level 2 spell: Scorch
   713 | D:1      | Reached XP level 3. HP: 21/33 MP: 2/4
  1936 | D:2      | Found a faded altar of an unknown god.
  2191 | D:2      | Reached XP level 4. HP: 39/41 MP: 5/5
  2513 | D:3      | Reached skill level 5 in Axes
  2759 | D:3      | Gained mutation: Your movements are slightly less
                  | encumbered by armour. (ER -2) [potion of mutation]
  2759 | D:3      | Gained mutation: You possess an exceptional clarity of
                  | mind. [potion of mutation]
  3213 | D:4      | Reached XP level 5. HP: 24/47 MP: 6/6
  3559 | D:4      | Found a sacrificial altar of Ru.
  3570 | D:4      | Reached skill level 1 in Armour
  3654 | D:4      | Reached skill level 5 in Fighting
  3713 | D:4      | Noticed Edmund
  3722 | D:4      | Killed Edmund
  3723 | D:4      | Reached skill level 6 in Axes
  3723 | D:4      | Reached XP level 6. HP: 40/56 MP: 8/8
  3823 | D:4      | Noticed Sigmund
  3830 | D:4      | Killed Sigmund
  3831 | D:4      | Reached XP level 7. HP: 61/61 MP: 9/9
  3975 | D:4      | Reached skill level 7 in Axes
  4006 | D:4      | Slain by a killer bee

Illustrated notes

Levels and vault maps discovered:
D:1:      co_arrival_square_in_a_square_in_a_square, layout_basic
D:2:      layout_loops_ring, shapermc_ecumenical_altar_notcrosses
D:3:      layout_loops_corners
D:4:      layout_basic, nicolae_ru_great_annihilating_truth, minmay_liquid_box,
          sigmund_edmund_badplayer

Skill      XL: |  1  2  3  4  5  6  7 |
---------------+----------------------+-----
Fighting       | 4 5 |  5.7
Fire Magic     | 4 |  4.8
Axes           | 5 6 7 |  7.0
Armour         | 1 2 |  2.4
Dodging        | |  0.1
Stealth        | |  0.4
Spellcasting   | |  1.8

Action                   |  1- 3 |  4- 6 |  7- 9 || total
-------------------------+-------+-------+-------++-------
Melee: Hand axe          |    81 |   104 |    22 ||   207
 Cast: Scorch            |    22 |       |       ||    22
Invok: Fiery Armour      |       |     2 |       ||     2
       Foxfire Swarm     |       |     1 |     1 ||     2
  Use: Scroll            |     2 |     3 |       ||     5
       Potion            |       |     2 |       ||     2
 Stab: Paralysed         |       |     1 |       ||     1
Armor: Robe              |    15 |       |       ||    15
       Plate armour      |     3 |    56 |    19 ||    78
Dodge: Dodged            |    40 |    28 |    16 ||    84

Table legend: (Time is in decaauts)
 A = Elapsed time spent in this place.
 B = Non-inter-level travel time spent in this place.
 C = Inter-level travel time spent in this place.
 D = Time resting spent in this place.
 E = Time spent auto-exploring this place.
 F = Levels seen in this place.
 G = Mean time per level.
                   A        B        C        D        E       F      G
               +--------+--------+--------+--------+--------+-----+--------+
         Total |   4015 |   3817 |    198 |      0 |   3315 |   4 | 1003.8 |
       Dungeon |   4015 |   3817 |    198 |      0 |   3315 |   4 | 1003.8 |
               +--------+--------+--------+--------+--------+-----+--------+

Top non-repeatable levels by time:
     D:1: 1474 daAuts
     D:3: 944 daAuts
     D:4: 809 daAuts
     D:2: 787 daAuts
